 Dungeon Crawl Stone Soup version 0.13-a0-2214-g11ebcbd (webtiles) character file.

761 Kae the Chucker (level 7, -1/45 HPs)
             Began as a Halfling Abyssal Knight on July 3, 2013.
             Was an Elder of Lugonu.
             Killed from afar by an orc wizard (10 damage)
             ... with a magic dart
             ... on Level 5 of the Dungeon.
             The game lasted 00:12:29 (4602 turns).

Kae the Chucker (Halfling Abyssal Knight)           Turns: 4602, Time: 00:12:30

HP  -1/45        AC  4     Str  9      XL: 7   Next: 52%
MP  12/12        EV 15     Int 12      God: Lugonu [****..]
Gold 219         SH  0     Dex 18      Spells:  0 memorised,  6 levels left

Res.Fire  : . . .   See Invis. : .   b - +0 sling
Res.Cold  : . . .   Warding    : .   o - +1 leather armour
Life Prot.: . . .   Conserve   : .   (no shield)
Res.Poison: +       Res.Corr.  : .   (no helmet)
Res.Elec. : .       Clarity    : .   (no cloak)
Sust.Abil.: . .     Spirit.Shd : .   (no gloves)
Res.Mut.  : .       Stasis     : .   (no boots)
Res.Rott. : .       Flight     : .   (no amulet)
Saprovore : . . .                    (no ring)
                                     u - ring of poison resistance

@: slightly resistant to hostile enchantments, unstealthy
A: mutation resistance 1, slow metabolism 1
a: Depart the Abyss, Bend Space, Banish, Corrupt, Renounce Religion


You were on level 5 of the Dungeon.
You worshipped Lugonu.
Lugonu was extremely pleased with you.
You were very hungry.

You visited 1 branch of the dungeon, and saw 5 of its levels.
You visited the Abyss 1 time.

You collected 199 gold pieces.

Inventory:

Hand weapons
 a - a +2,+2 short sword
 b - a +0,+0 sling (weapon)
Missiles
 g - 19 sling bullets
 h - 99 stones (quivered)
Armour
 o - a +1 leather armour (worn)
Comestibles
 c - 2 bread rations
 k - a choko
 r - 2 meat rations
 v - a cheese
Scrolls
 e - a scroll of remove curse {unknown}
 i - 2 scrolls of fear
 l - 4 scrolls of identify
 y - a scroll of recharging {unknown}
Jewellery
 u - a ring of poison resistance (left hand)
Potions
 d - 2 potions of curing {unknown}
 f - 2 potions of heal wounds {unknown}
 j - a potion of beneficial mutation {unknown}
 m - a potion of resistance {unknown}
 n - a potion of slowing {unknown}
 p - a potion of speed {unknown}
 t - a potion of might {unknown}
Books
 z - a book of Minor Magic

   Spells                             Type                      Level
   Magic Dart                         Conjuration                  1
   Blink                              Translocation                2
   Call Imp                           Summoning                    2
   Repel Missiles                     Charms/Air                   2
   Slow                               Hexes                        2
   Conjure Flame                      Conjuration/Fire             3
   Mephitic Cloud                     Conjuration/Poison/Air       3


   Skills:
 - Level 3.0 Fighting
 - Level 3.0 Short Blades
 * Level 6.3 Throwing
 - Level 0.7 Armour
 + Level 4.8 Dodging
 + Level 4.6 Invocations


You had 6 spell levels left.
You didn't know any spells.

Dungeon Overview and Level Annotations

Branches:
Dungeon (5/27)             Temple (0/1) D:4

Altars:
Fedhas

Annotations
D:3 Grinder


Innate Abilities, Weirdness & Mutations

You are small and have problems with some larger weapons.
You are somewhat resistant to further mutation.
You have a slow metabolism.


Message History

Aim: an orc wizard, wielding an orcish dagger and wearing an orcish leather armour (almost dead, moving very quickly)
You shoot a stone. The stone hits the orc wizard.
The orc wizard is almost dead.
The orc wizard closely misses you.
Firing (i - inventory. (,) - cycle):
h - 101 stones (quivered)
Press: ? - help, Shift-Dir - straight line, f/p - orc wizard
Aim: an orc wizard, wielding an orcish dagger and wearing an orcish leather armour (almost dead, moving very quickly)
You shoot a stone. The stone hits the orc wizard.
The orc wizard is almost dead.
The orc wizard hits you but does no damage.
The orc wizard closely misses you.
Firing (i - inventory. (,) - cycle):
h - 100 stones (quivered)
Press: ? - help, Shift-Dir - straight line, f/p - orc wizard
Aim: an orc wizard, wielding an orcish dagger and wearing an orcish leather armour (almost dead, moving very quickly)
You shoot a stone. The stone misses the orc wizard.
The orc wizard hits you with an orcish dagger.
* * * LOW HITPOINT WARNING * * *
The orc wizard points at you and mumbles some strange words.
The magic dart hits you!
You die...

*,*,,,,,,,,,,,...,* *,,,,,*,*
*,*,**+**,,......(##*,,,,,,,***
*,*,*,,,*,........(,,,,,,,,,,,,
*,,,+,<,+,........#**,*...,,,,,
***,*,,,*,#.......# *,....,,,,,
**,**+**,*.....((# **#..#*,***
*,,,,,,,,*,,.....* *..#*,*
**,*,,***#####o### *...,,*
**,*,* #...@.%.# *#.#*** ***,*
#.##'##.# #.#
**#,***#.#..)#.######.#####
*,...,*#?+.<.'.#..........#*
*,....##.#...#...##.#####.#*
*........##)##.####.#****,**
*,>,,,*#(%.)...# #.#*,,,,,*
*,,,,,*######### #.#*,**,,,
******* #.#*,**,**


You could see an orc wizard.

Vanquished Creatures
  A phantom (D:4)
  A big fish (D:4)
  2 crimson imps (D:5)
  2 hounds (D:5)
  An orc priest (D:3)
  A hound skeleton (D:4)
  2 worker ants
  An iguana (D:4)
  Terence (D:3)
  3 adders
  2 worms
  5 giant geckos
  A gnoll skeleton (D:3)
  12 orcs
  13 bats
  4 giant cockroaches
  9 hobgoblins
  8 jackals
  11 kobolds
  4 giant newts
  12 goblins
  A quokka (D:3)
  6 rats
103 creatures vanquished.

Vanquished Creatures (others)
  A giant newt (D:3)
1 creature vanquished.

Grand Total: 104 creatures vanquished

Notes
Turn   | Place    | Note
--------------------------------------------------------------
     0 | Abyss:1  | Kae, the Halfling Abyssal Knight, began the quest for the Orb.
     0 | Abyss:1  | Reached XP level 1. HP: 14/14 MP: 1/1
    25 | Abyss:1  | Noticed a ynoxinul
    26 | D:1      | Escaped the Abyss
    31 | D:1      | Noticed a troll
    31 | D:1      | Noticed a minotaur
    33 | D:1      | Noticed a spriggan
    33 | D:1      | Noticed a demigod
    35 | D:1      | Noticed an ogre
    35 | D:1      | Noticed a centaur
    37 | D:1      | Noticed a naga
    39 | D:1      | Noticed an elf
    39 | D:1      | Noticed a vampire
    41 | D:1      | Noticed a demonspawn
    41 | D:1      | Noticed a tengu
    43 | D:1      | Noticed a human
    45 | D:1      | Noticed a draconian
    45 | D:1      | Noticed a dwarf
    47 | D:1      | Noticed a felid
    47 | D:1      | Noticed an octopode
    49 | D:1      | Noticed a merfolk
    49 | D:1      | Noticed a ghoul
   112 | D:1      | Acquired Lugonu's first power
   197 | D:1      | Reached XP level 2. HP: 17/19 MP: 2/2
   200 | D:1      | Reached skill level 3 in Fighting
   763 | D:1      | Reached XP level 3. HP: 19/25 MP: 4/4
   877 | D:2      | Acquired Lugonu's second power
   968 | D:2      | Reached skill level 1 in Throwing
  1226 | D:2      | Reached XP level 4. HP: 20/30 MP: 5/5
  1585 | D:3      | Noticed Grinder
  1786 | D:3      | Noticed a hippogriff
  1953 | D:3      | Noticed Terence
  1978 | D:3      | Killed Terence
  2160 | D:3      | Acquired Lugonu's third power
  2342 | D:3      | Reached XP level 5. HP: 29/35 MP: 7/7
  2576 | D:3      | Reached skill level 4 in Throwing
  3183 | D:4      | Reached XP level 6. HP: 29/41 MP: 9/9
  3371 | D:4      | Found a staircase to the Ecumenical Temple.
  3576 | D:4      | Acquired Lugonu's fourth power
  3637 | D:4      | Noticed a phantom
  3701 | D:4      | Killed a phantom
  3701 | D:4      | Reached skill level 5 in Throwing
  3701 | D:4      | Reached XP level 7. HP: 18/45 MP: 11/11
  4118 | D:4      | Found a blossoming altar of Fedhas.
  4145 | D:5      | Entered Level 5 of the Dungeon
  4403 | D:5      | Reached skill level 6 in Throwing
  4602 | D:5      | Killed from afar by an orc wizard

Action                   |  1- 3 |  4- 6 |  7- 9 || total
-------------------------+-------+-------+-------++-------
Melee: Short sword       |    90 |   169 |   108 ||   367
 Fire: Sling             |     8 |   132 |    51 ||   191
Invok: Depart the Abyss  |     1 |       |       ||     1
  Use: Scroll            |       |     7 |     6 ||    13
